TOP OF THE 1ST |
Midland RockHounds batting - Pitching for Corpus Christi Hooks : RHP Bill Garcia
|
Pitching: RHP Bill Garcia
|
|
Batting: RHB Carlos Ballesteros
|
0-0: Called Strike 0-1: Ball 1-1: SINGLE (Groundball, 6MS, EV 71.9 MPH) (infield hit)
|
Batting: RHB Tim Cordle
|
0-0: Ball Carlos Ballesteros steals 2nd base 1-0: Foul Ball, location: 2F 1-1: Ball 2-1: Fly out, F7 (Flyball, 7LM, EV 102.5 MPH)
|
Batting: SHB Rich Muniz
|
0-0: Ground out 3-1 (Groundball, 34, EV 83.1 MPH) Carlos Ballesteros to third
|
Batting: LHB John Shults
|
0-0: Ball 1-0: Ground out 3-1 (Groundball, 34S, EV 87.5 MPH)
|
Top of the 1st over - 0 runs, 1 hit, 0 errors, 1 left on base; Midland 0 - Corpus Christi 0 |
BOTTOM OF THE 1ST |
Corpus Christi Hooks batting - Pitching for Midland RockHounds : RHP Corbin Schenn
|
Pitching: RHP Corbin Schenn
|
|
Batting: RHB Masaru Konno
|
0-0: Ball 1-0: Ground out U3 (Groundball, 34S, EV 85.6 MPH)
|
Batting: SHB Paskar Adegoke
|
0-0: Swinging Strike 0-1: SOLO HOME RUN (Flyball, 9LD, EV 94.4 MPH), Distance : 349 ft
|
Batting: RHB Elijah Hunter
|
0-0: SINGLE (Line Drive, 89S, EV 102.5 MPH)
|
Batting: RHB Sam Spohn
|
0-0: Ball 1-0: Ball 2-0: Swinging Strike 2-1: Fly out, F8 (Flyball, 8RD, EV 86.9 MPH)
|
Batting: LHB Bob Dietz
|
0-0: Ground out 4-3 (Groundball, 34, EV 110.6 MPH)
|
Bottom of the 1st over - 1 run, 2 hits, 0 errors, 1 left on base; Midland 0 - Corpus Christi 1 |
TOP OF THE 2ND |
Midland RockHounds batting - Pitching for Corpus Christi Hooks : RHP Bill Garcia
|
Batting: RHB Dave Glenn
|
0-0: Fly out, F9 (Flyball, 9, EV 96.2 MPH)
|
Batting: RHB Danny Heikkila
|
0-0: Called Strike 0-1: Ball 1-1: Ball 2-1: Ground out 6-3 (Groundball, 6MS, EV 89.4 MPH)
|
Batting: RHB Jonathan Gallup
|
0-0: Ball 1-0: Fly out, F8 (Flyball, 8RD, EV 95.6 MPH)
|
Top of the 2nd over - 0 runs, 0 hits, 0 errors, 0 left on base; Midland 0 - Corpus Christi 1 |
BOTTOM OF THE 2ND |
Corpus Christi Hooks batting - Pitching for Midland RockHounds : RHP Corbin Schenn
|
Batting: RHB Ryan Salas
|
0-0: Ball 1-0: Ball 2-0: Ball 3-0: Base on Balls
|
Batting: RHB Workneh Lagat
|
0-0: SINGLE (Groundball, 56D, EV 101.9 MPH) Ryan Salas to second
|
Batting: RHB Steve Moore
|
0-0: Grounds into double play, 6-4-3 (Groundball, 6, EV 78.1 MPH) Ryan Salas to third
|
Batting: LHB Jimmy Edlin
|
0-0: Foul Ball, location: 2F 0-1: Ball 1-1: Ball 2-1: Ball 3-1: Ground out 4-3 (Groundball, 4MS, EV 65.6 MPH)
|
Bottom of the 2nd over - 0 runs, 1 hit, 0 errors, 1 left on base; Midland 0 - Corpus Christi 1 |
TOP OF THE 3RD |
Midland RockHounds batting - Pitching for Corpus Christi Hooks : RHP Bill Garcia
|
Batting: RHB Armando Estrada
|
0-0: Called Strike 0-1: Called Strike 0-2: Ground out 5-3 (Groundball, 56, EV 86.2 MPH)
|
Batting: SHB Ian Finley
|
0-0: Ball 1-0: Foul Ball, location: 2F 1-1: Swinging Strike 1-2: Strikes out looking
|
Batting: RHB Carlos Ballesteros
|
0-0: Ball 1-0: Ball 2-0: Swinging Strike 2-1: Swinging Strike 2-2: Strikes out swinging
|
Top of the 3rd over - 0 runs, 0 hits, 0 errors, 0 left on base; Midland 0 - Corpus Christi 1 |
BOTTOM OF THE 3RD |
Corpus Christi Hooks batting - Pitching for Midland RockHounds : RHP Corbin Schenn
|
Batting: RHB Masaru Konno
|
0-0: Swinging Strike 0-1: Called Strike 0-2: Ball 1-2: Ball 2-2: Strikes out swinging
|
Batting: SHB Paskar Adegoke
|
0-0: Fly out, F8 (Flyball, 8LD, EV 88.8 MPH)
|
Batting: RHB Elijah Hunter
|
0-0: Ball 1-0: Fly out, F9 (Flyball, 89M, EV 90.0 MPH)
|
Bottom of the 3rd over - 0 runs, 0 hits, 0 errors, 0 left on base; Midland 0 - Corpus Christi 1 |
TOP OF THE 4TH |
Midland RockHounds batting - Pitching for Corpus Christi Hooks : RHP Bill Garcia
|
Batting: RHB Tim Cordle
|
0-0: Ball 1-0: Called Strike 1-1: Ball 2-1: Swinging Strike 2-2: Strikes out swinging
|
Batting: SHB Rich Muniz
|
0-0: Ball 1-0: Foul Ball, location: 2F 1-1: DOUBLE (Line Drive, 9LS, EV 103.8 MPH)
|
Batting: LHB John Shults
|
0-0: Ball 1-0: Ball 2-0: Ground out 4-3 (Groundball, 4M, EV 75.6 MPH) Rich Muniz to third
|
Batting: RHB Dave Glenn
|
0-0: Ball 1-0: Ball 2-0: Ground out 6-3 (Groundball, 6M, EV 98.1 MPH)
|
Top of the 4th over - 0 runs, 1 hit, 0 errors, 1 left on base; Midland 0 - Corpus Christi 1 |
BOTTOM OF THE 4TH |
Corpus Christi Hooks batting - Pitching for Midland RockHounds : RHP Corbin Schenn
|
Batting: RHB Sam Spohn
|
0-0: Foul Ball, location: 2F 0-1: Foul Ball, location: 2F 0-2: Ball 1-2: SINGLE (Line Drive, 78S, EV 103.8 MPH)
|
Batting: LHB Bob Dietz
|
0-0: Ball 1-0: Ball 2-0: Ball 3-0: Called Strike 3-1: Foul Ball, location: 2F 3-2: Foul Ball, location: 2F 3-2: Base on Balls Sam Spohn to second
|
Batting: RHB Ryan Salas
|
0-0: Ball 1-0: Grounds into double play, 4-6-3 (Groundball, 4, EV 102.5 MPH) Sam Spohn to third
|
Batting: RHB Workneh Lagat
|
0-0: Intentional Walk
|
Batting: RHB Steve Moore
|
0-0: Called Strike 0-1: Fly out, F7 (Flyball, 7, EV 88.8 MPH)
|
Bottom of the 4th over - 0 runs, 1 hit, 0 errors, 2 left on base; Midland 0 - Corpus Christi 1 |
TOP OF THE 5TH |
Midland RockHounds batting - Pitching for Corpus Christi Hooks : RHP Bill Garcia
|
Batting: RHB Danny Heikkila
|
0-0: Swinging Strike 0-1: Fly out, F7 (Flyball, 7S, EV 88.8 MPH)
|
Batting: RHB Jonathan Gallup
|
0-0: Ball 1-0: Called Strike 1-1: Fly out, F7 (Flyball, 7, EV 81.2 MPH)
|
Batting: RHB Armando Estrada
|
0-0: DOUBLE (Line Drive, 78XD, EV 108.8 MPH)
|
Batting: SHB Ian Finley
|
0-0: Called Strike 0-1: Swinging Strike 0-2: Ball 1-2: Strikes out swinging
|
Top of the 5th over - 0 runs, 1 hit, 0 errors, 1 left on base; Midland 0 - Corpus Christi 1 |
BOTTOM OF THE 5TH |
Corpus Christi Hooks batting - Pitching for Midland RockHounds : RHP Corbin Schenn
|
Batting: LHB Jimmy Edlin
|
0-0: Ball 1-0: Ground out 4-3 (Groundball, 4, EV 83.8 MPH)
|
Batting: RHB Masaru Konno
|
0-0: Called Strike 0-1: Ball 1-1: Ground out 6-3 (Groundball, 6, EV 93.8 MPH)
|
Batting: SHB Paskar Adegoke
|
0-0: Called Strike 0-1: Ground out 6-3 (Groundball, 4M, EV 93.1 MPH)
|
Bottom of the 5th over - 0 runs, 0 hits, 0 errors, 0 left on base; Midland 0 - Corpus Christi 1 |
TOP OF THE 6TH |
Midland RockHounds batting - Pitching for Corpus Christi Hooks : RHP Bill Garcia
|
Batting: RHB Carlos Ballesteros
|
0-0: Foul Ball, location: 2F 0-1: Ball 1-1: Ground out 4-3 (Groundball, 4S, EV 65.0 MPH)
|
Batting: RHB Tim Cordle
|
0-0: Foul Ball, location: 2F 0-1: Fly out, F9 (Line Drive, 9, EV 86.2 MPH)
|
Batting: SHB Rich Muniz
|
0-0: Ground out 5-3 (Groundball, 6S, EV 64.4 MPH)
|
Top of the 6th over - 0 runs, 0 hits, 0 errors, 0 left on base; Midland 0 - Corpus Christi 1 |
BOTTOM OF THE 6TH |
Corpus Christi Hooks batting - Pitching for Midland RockHounds : RHP Corbin Schenn
|
Batting: RHB Elijah Hunter
|
0-0: Ball 1-0: Called Strike 1-1: Fly out, F9 (Line Drive, 9D, EV 93.1 MPH)
|
Batting: RHB Sam Spohn
|
0-0: Called Strike 0-1: Foul Ball, location: 2F 0-2: Ball 1-2: Foul Ball, location: 2F 1-2: Fly out, F3 (Popup, 3SF, EV 71.2 MPH)
|
Batting: LHB Bob Dietz
|
0-0: Ball 1-0: Ground out 6-3 (Groundball, 6M, EV 80.0 MPH)
|
Bottom of the 6th over - 0 runs, 0 hits, 0 errors, 0 left on base; Midland 0 - Corpus Christi 1 |
TOP OF THE 7TH |
Midland RockHounds batting - Pitching for Corpus Christi Hooks : RHP Bill Garcia
|
Batting: LHB John Shults
|
0-0: Called Strike 0-1: Ball 1-1: Fly out, F8 (Flyball, 8LXD, EV 87.5 MPH)
|
Batting: RHB Dave Glenn
|
0-0: Ball 1-0: Called Strike 1-1: Called Strike 1-2: Ball 2-2: Strikes out looking
|
Pinch Hitting: LHB Zachary DeLuca
|
0-0: Foul Ball, location: 2F 0-1: Ball 1-1: Ball 2-1: Foul Ball, location: 2F 2-2: Ball 3-2: Foul Ball, location: 2F 3-2: Base on Balls
|
Batting: RHB Jonathan Gallup
|
0-0: Called Strike 0-1: Called Strike 0-2: Ball 1-2: Strikes out swinging
|
Top of the 7th over - 0 runs, 0 hits, 0 errors, 1 left on base; Midland 0 - Corpus Christi 1 |
BOTTOM OF THE 7TH |
Corpus Christi Hooks batting - Pitching for Midland RockHounds : RHP Corbin Schenn
|
Now at 2B: Zachary DeLuca
|
|
Batting: RHB Ryan Salas
|
0-0: Called Strike 0-1: Ball 1-1: Ball 2-1: Foul Ball, location: 2F 2-2: SINGLE (Groundball, 56D, EV 109.4 MPH)
|
Batting: RHB Workneh Lagat
|
0-0: Ball 1-0: Hit by Pitch Ryan Salas to second
|
Batting: RHB Steve Moore
|
0-0: Called Strike 0-1: Foul Ball, location: 2F 0-2: Strikes out swinging
|
Batting: LHB Jimmy Edlin
|
0-0: Called Strike 0-1: Foul Ball, location: 2F 0-2: Ball 1-2: Ball 2-2: Ball 3-2: Fly out, F9 (Flyball, 9S, EV 83.8 MPH)
|
Pitching: RHP Dong-choon Park
|
|
Batting: RHB Masaru Konno
|
0-0: Ball 1-0: Fly out, F9 (Flyball, 9, EV 77.5 MPH)
|
Bottom of the 7th over - 0 runs, 1 hit, 0 errors, 2 left on base; Midland 0 - Corpus Christi 1 |
TOP OF THE 8TH |
Midland RockHounds batting - Pitching for Corpus Christi Hooks : RHP Bill Garcia
|
Batting: RHB Armando Estrada
|
0-0: Called Strike 0-1: Foul Ball, location: 2F 0-2: Ball 1-2: Strikes out looking
|
Batting: SHB Ian Finley
|
0-0: Swinging Strike 0-1: Ball 1-1: Ball 2-1: SINGLE (Groundball, 6MD, EV 100.6 MPH)
|
Pinch Runner at 1st Dunlang Clark:
|
|
Pinch Hitting: LHB Chance Stever
|
0-0: Fly out, F8 (Flyball, 8LD, EV 98.8 MPH)
|
Batting: RHB Tim Cordle
|
0-0: Fly out, F8 (Line Drive, 8RM, EV 93.8 MPH)
|
Top of the 8th over - 0 runs, 1 hit, 0 errors, 1 left on base; Midland 0 - Corpus Christi 1 |
BOTTOM OF THE 8TH |
Corpus Christi Hooks batting - Pitching for Midland RockHounds : RHP Dong-choon Park
|
Now at C: Dunlang Clark
|
|
Now at SS: Eduardo Chavez
|
|
Batting: SHB Paskar Adegoke
|
0-0: Called Strike 0-1: Foul Ball, location: 2F 0-2: Ball 1-2: Reached on error, E4 (Groundball, 4, EV 86.9 MPH)
|
Batting: RHB Elijah Hunter
|
0-0: Intentional Walk
|
Pinch Runner at 2nd Bruce Bermudez:
|
|
Batting: RHB Sam Spohn
|
0-0: Ball 1-0: Ball 2-0: Called Strike 2-1: Ground out 6-3 (Groundball, 6S, EV 69.4 MPH) Bruce Bermudez to third Elijah Hunter to second
|
Batting: LHB Bob Dietz
|
0-0: Intentional Walk
|
Batting: RHB Ryan Salas
|
0-0: Swinging Strike 0-1: Called Strike 0-2: Ball 1-2: Foul Ball, location: 2F 1-2: Ball 2-2: Foul Ball, location: 2F 2-2: Ball 3-2: Fly out, F7 (Flyball, 78M, EV 88.1 MPH) Runner from 3rd tags up, SCORES, throw by LF
|
Batting: RHB Workneh Lagat
|
0-0: SINGLE (Flyball, 34D, EV 91.2 MPH) Elijah Hunter to third Bob Dietz to second Runner from 3rd tries for Home, SAFE, throw by RF to home
|
Batting: RHB Steve Moore
|
0-0: Called Strike 0-1: Fly out, F2 (Popup, 3SF, EV 73.8 MPH)
|
Bottom of the 8th over - 2 runs, 1 hit, 1 error, 2 left on base; Midland 0 - Corpus Christi 3 |
TOP OF THE 9TH |
Midland RockHounds batting - Pitching for Corpus Christi Hooks : RHP Bill Garcia
|
Now at 3B: Steve Moore
|
|
Now in CF: Bruce Bermudez
|
|
Batting: SHB Rich Muniz
|
0-0: Ball 1-0: Foul Ball, location: 2F 1-1: Foul Ball, location: 2F 1-2: Ground out U3 (Groundball, 3, EV 107.5 MPH)
|
Batting: LHB John Shults
|
0-0: Ball 1-0: Called Strike 1-1: Ball 2-1: Foul Ball, location: 2F 2-2: Ground out 4-3 (Groundball, 4M, EV 84.4 MPH)
|
Batting: RHB Dave Glenn
|
0-0: Ball 1-0: SOLO HOME RUN (Flyball, 89XD, EV 99.4 MPH), Distance : 393 ft
|
Batting: LHB Zachary DeLuca
|
0-0: Ball 1-0: Called Strike 1-1: Ball 2-1: Ground out 5-3 (Groundball, 56, EV 85.0 MPH)
|
Top of the 9th over - 1 run, 1 hit, 0 errors, 0 left on base; Midland 1 - Corpus Christi 3 |
|